Match 42475967
Unlisted

Match 42475967
End
Kradschützen Motorcycle Team
250 Light Carrier
Panzergrenadier Squad
Panzergrenadier Squad
Construct Light Support Kompanie
2.5-tonne Medical Truck
MG34 Team
Fire Support Elements
Flakvierling Half-track
Selects Armored Support Battlegroup
Selects Salvage Kits
Assault Mechanized Group
Pak 38 Anti-tank Gun Team
Construct Panzerarmee Kommand
Assault Grenadier Squad
Panzerjäger Squad
Panzer III L Medium Tank
Selects Panzer Storm
Selects Stuka Anti-tank Loiter
Panzerjäger Squad
Stuka Anti-tank Loiter
杨司令
Swordfingerdarkblue
CPU - VERY EASY
nonocat
Grimauldus
wapple925602
The sexy Ginger
L1mbo
0
0

Comments sign in to comment!

No comments posted yet!